 Dungeon Crawl Stone Soup version 0.31.0-9-g3a7656b989 (webtiles) character file.

Game seed: 7660851710117486808

437 qw the Skirmisher (level 6, -1/37 HPs)
             Began as a Deep Elf Hunter on Feb 2, 2024.
             Was an Initiate of Okawaru.
             Slain by an ogre
             ... wielding a +0 giant club
              (25 damage)
             ... on level 4 of the Dungeon.
             The game lasted 00:00:11 (2847 turns).

qw the Skirmisher (Deep Elf Hunter)                 Turns: 2847, Time: 00:00:11

Health: -1/37      AC:  7    Str: 16    XL:     6   Next: 69%
Magic:  8/8        EV: 12    Int: 14    God:    Okawaru [......]
Gold:   145        SH:  0    Dex: 18    Spells: 5/5 levels left

rFire   . . .        a - +2 shortbow
rCold   . . .        (shield currently unavailable)
rNeg    . . .        g - +0 ring mail
rPois   .            (no helmet)
rElec   .            (no cloak)
rCorr   .            e - +0 pair of gloves
SInv    .            b - +0 pair of boots
Will    .....        (no amulet)
Stlth   +            j - +6 ring of strength
HPRegen 0.26/turn    (no ring)
MPRegen 0.11/turn

%: no passive effects
@: no status effects
A: no striking features
a: Renounce Religion


You were on level 4 of the Dungeon.
You worshipped Okawaru.
Okawaru was noncommittal.
You visited 2 branches of the dungeon, and saw 5 of its levels.

You collected 145 gold pieces.


   Skills:
 - Level 3.2 Fighting
 + Level 9.0 Ranged Weapons
 - Level 1.0 Armour
 - Level 3.3 Dodging
 - Level 1.2 Stealth


You had 5 spell levels left.
You didn't know any spells.
Your spell library was empty.

Inventory:

Hand Weapons
 a - a +2 shortbow (weapon)
Armour
 b - a +0 pair of boots (worn)
 e - a +0 pair of gloves (worn)
 g - a +0 ring mail (worn)
Jewellery
 j - a +6 ring of strength (left hand)
Wands
 h - a wand of iceblast (8)
 i - a wand of mindburst (9)
Potions
 d - 2 potions of enlightenment
 f - 2 potions of heal wounds

Dungeon Overview and Level Annotations

Branches:
Dungeon (4/15)             Temple (1/1) D:4

Altars:
Ashenzari
Cheibriados
Elyvilon
Fedhas
Hepliaklqana
Kikubaaqudgha
Makhleb
Nemelex Xobeh
Okawaru
Ru
Sif Muna
Trog
Uskayaw
Wu Jian
Xom
Yredelemnul
Zin
The Shining One

Shops:
D:2 *

Annotations:
D:2 2 transporters
D:4 1 runed translucent door, Crazy Yiuf


Message History

As you read the scroll labelled SICLEJUSUQ, it crumbles to dust.
You feel strangely unstable.
It was a scroll of teleportation.
2754 ||| FLEEEEING.
You start waiting.
Your surroundings suddenly seem different.
Things that are here:
4 poisoned darts; a +0 dagger; a kobold skeleton You see here a quokka skeleton.
A goblin comes into view. It is wielding a +0 dagger.
The goblin shouts!
You shoot an arrow. The arrow hits the goblin.
The goblin is heavily wounded.
You shoot an arrow. The arrow barely misses the goblin.
You shoot an arrow. The arrow barely misses the goblin.
You shoot an arrow. The arrow barely misses the goblin.
You shoot an arrow. The arrow hits the goblin!
You kill the goblin!
Okawaru accepts your kill.
Found a chain mail.
You see here a +0 dagger.
You see here an adder skeleton.
Found an inky potion.
The ogre shouts!
Enter note:
Enter note:
Enter note:
Enter note: You shoot an arrow.
The arrow hits the ogre!
The ogre is moderately wounded.
The ogre hits you with a +0 giant club!
You shoot an arrow.
The arrow hits the ogre but does no damage.
The ogre is moderately wounded.
The ogre closely misses you.
You shoot an arrow. The arrow hits the ogre!
The ogre is severely wounded.
You shoot an arrow. The arrow barely misses the ogre.
The ogre hits you with a +0 giant club!!
Ouch! That really hurt!
You die...

.....77777..##...........
..... 7..##..<........
<... 7.####..........
..... 7..# ##.........
.....7 7..# ##..#..###
......7777..# #.##....#
............#####.##.##.#
......#.###.......##.##.#
..... #.@########.##.#...
..... ##O.# ####.....
.... ..... ##.... #...##
...#.... ##...
.?...##...#...#### #...
#O#..#.#.#......## #...
#..#.#!..........####...
#(.)####......>.>......
#...##.......#..#.##


You could see an ogre.

Vanquished Creatures
  Eustachio (D:4)
  A necrophage (D:4)
  2 hounds (D:4)
  An orc wizard (D:4)
  A hound skeleton (D:4)
  3 gnolls (D:3)
  5 adders
  3 dart slugs
  A ribbon worm (D:2)
  2 orcs
  7 bats
  4 endoplasms
  2 giant cockroaches
  4 goblins
  7 hobgoblins
  2 jackals (D:1)
  6 quokkas
  4 ball pythons
  A frilled lizard (D:1)
  8 kobolds
  3 rats
68 creatures vanquished.

Notes
Turn   | Place    | Note
-------+----------+-------------------------------------------
     0 | D:1      | qw the Deep Elf Hunter began the quest for the Orb.
     0 | D:1      | Reached XP level 1. HP: 12/12 MP: 3/3
     0 | D:1      | 0 ||| qw: Version: 0.3-a-155-g5e7d8dd
     0 | D:1      | 0 ||| qw: Game counter: 2163
     0 | D:1      | 0 ||| qw: Melee chars always use a shield: true
     0 | D:1      | 0 ||| qw: God list: Okawaru
     0 | D:1      | 0 ||| qw: Allow faded altars: false
     0 | D:1      | 0 ||| qw: Do Orc after clearing Dungeon:15 true
     0 | D:1      | 0 ||| qw: Do second Lair branch before Depths: true
     0 | D:1      | 0 ||| qw: Lair rune preference: random
     0 | D:1      | 0 ||| qw: Goals: Normal
     0 | D:1      | 0 ||| PLANNING D:1-11
   250 | D:1      | Reached skill level 6 in Ranged Weapons
   250 | D:1      | Reached XP level 2. HP: 16/16 MP: 4/4
   778 | D:1      | 778 ||| UPGRADING to +0 ring mail.
   788 | D:1      | 788 ||| DROPPING +0 leather armour.
   789 | D:1      | 789 ||| READING 2 scrolls labelled UNIOLI PUARCH.
   789 | D:1      | 789 ||| ENCHANTING +0 shortbow.
   790 | D:1      | 790 ||| READING scroll of enchant weapon.
   790 | D:1      | 790 ||| ENCHANTING +1 shortbow.
   791 | D:1      | 791 ||| READING scroll labelled DOAS SIOCA.
   792 | D:1      | 792 ||| READING 2 scrolls labelled ZAPAVERUSS.
   792 | D:1      | 792 ||| IDENTIFYING brown potion
   793 | D:1      | 793 ||| READING scroll of identify.
   793 | D:1      | 793 ||| IDENTIFYING scroll labelled TERCHU JULYUJA
   794 | D:1      | 794 ||| DROPPING scroll of butterflies.
   795 | D:1      | 795 ||| DROPPING potion of lignification.
   796 | D:1      | 796 ||| DROPPING scroll of fog.
   944 | D:2      | Reached XP level 3. HP: 20/20 MP: 5/5
  1099 | D:2      | Found a transporter.
  1099 | D:2      | Found Bimm's Assorted Antiques.
  1123 | D:2      | Found a transporter.
  1130 | D:2      | Found a shimmering altar of Xom.
  1390 | D:2      | 1390 ||| UPGRADING to +0 pair of gloves.
  1395 | D:2      | 1395 ||| READING 4 scrolls of identify.
  1395 | D:2      | 1395 ||| IDENTIFYING cyan potion
  1396 | D:2      | 1396 ||| READING 3 scrolls of identify.
  1396 | D:2      | 1396 ||| IDENTIFYING murky amethyst potion
  1397 | D:2      | 1397 ||| READING 2 scrolls of identify.
  1397 | D:2      | 1397 ||| IDENTIFYING smoky silvery potion
  1398 | D:2      | 1398 ||| READING scroll of identify.
  1398 | D:2      | 1398 ||| IDENTIFYING scroll labelled CINNEE DUICAR
  1399 | D:2      | 1399 ||| DROPPING potion of degeneration.
  1400 | D:2      | 1400 ||| DROPPING scroll of blinking.
  1461 | D:3      | Found a blossoming altar of Fedhas.
  1462 | D:3      | Found an ornate altar of the Wu Jian Council.
  1464 | D:3      | Found a glowing silver altar of Zin.
  1511 | D:3      | Reached skill level 7 in Ranged Weapons
  1695 | D:3      | Reached XP level 4. HP: 25/25 MP: 6/6
  1973 | D:3      | Found a faded altar of an unknown god.
  2105 | D:3      | 2105 ||| UPGRADING to +0 pair of boots.
  2215 | D:4      | Reached skill level 8 in Ranged Weapons
  2288 | D:4      | Found a burning altar of Makhleb.
  2289 | D:4      | Noticed a necrophage
  2292 | D:4      | 2292 ||| DRINKING potion of haste.
  2302 | D:4      | Killed a necrophage
  2303 | D:4      | Reached XP level 5. HP: 11/29 MP: 7/7
  2422 | D:4      | Reached skill level 9 in Ranged Weapons
  2499 | D:4      | Noticed Eustachio
  2500 | D:4      | 2500 ||| ZAPPING wand of mindburst (12) at 1,7 (Eustachio;
                  | floor).
  2501 | D:4      | 2501 ||| ZAPPING wand of mindburst (11) at 1,6 (Eustachio;
                  | floor).
  2502 | D:4      | 2502 ||| ZAPPING wand of mindburst (10) at 1,5 (Eustachio;
                  | floor).
  2502 | D:4      | Killed Eustachio
  2503 | D:4      | Reached skill level 3 in Fighting
  2503 | D:4      | Reached XP level 6. HP: 37/37 MP: 8/8
  2563 | D:4      | Found a runed translucent door.
  2564 | D:4      | Noticed Crazy Yiuf
  2628 | D:4      | Identified the +8 mace of Defence by Offence {freeze, rPois
                  | Str+3 Dex+2}
  2637 | D:4      | Found a staircase to the Ecumenical Temple.
  2638 | D:4      | 2638 ||| PLANNING TEMPLE
  2638 | D:4      | 2638 ||| UPGRADING to +6 ring of strength.
  2639 | D:4      | 2639 ||| READING 2 scrolls of identify.
  2639 | D:4      | 2639 ||| IDENTIFYING coppery potion
  2640 | D:4      | 2640 ||| READING scroll of identify.
  2640 | D:4      | 2640 ||| IDENTIFYING 2 silvery potions
  2641 | D:4      | 2641 ||| READING scroll labelled MIMAOS DYMOZ.
  2642 | D:4      | 2642 ||| DROPPING potion of brilliance.
  2651 | Temple   | Entered the Ecumenical Temple
  2652 | Temple   | 2652 ||| PLANNING OKAWARU WORSHIP
  2666 | Temple   | Became a worshipper of Warmaster Okawaru
  2667 | Temple   | 2667 ||| PLANNING D:1-11
  2742 | D:4      | Reached skill level 3 in Dodging
  2749 | D:4      | Reached skill level 1 in Armour
  2753 | D:4      | 2753 ||| READING scroll labelled SICLEJUSUQ.
  2754 | D:4      | 2754 ||| FLEEEEING.
  2847 | D:4      | Slain by an ogre

Levels and vault maps discovered:
D:1:      minmay_arrival_floating_metal, layout_loops_corners,
          minmay_pentomino_v2
D:2:      layout_basic, serial_shops, nicolae_shop_drivethru, basic_altar
D:3:      layout_loops_cross, gammafunk_temple_overflow_forgotten,
          hellmonk_ecumenical_altar_defaced_shrine, nrook_mini_vaults,
          nicolae_underground_beach
D:4:      layout_rooms, makhleb_blood_cavern_becter,
          minmay_temple_entry_purple_smoke, palyth_stone_intersect,
          nrook_campfire, minmay_bent, uniq_ijyb, uniq_crazy_yiuf_cottage,
          uniq_eustachio
Temple:   eino_narrow_crystal_temple

Skill      XL: |  1  2  3  4  5  6 |
---------------+-------------------+-----
Ranged Weapons | 6 7 8 9 |  9.0
Fighting       | 3 |  3.2
Dodging        | 3 |  3.3
Armour         | 1 |  1.0
Stealth        | |  1.2

Action                     |  1- 3 |  4- 6 || total
---------------------------+-------+-------++-------
   Fire: Shortbow          |    91 |    96 ||   187
  Evoke: Wand              |       |     3 ||     3
    Use: Scroll            |     9 |     4 ||    13
         Potion            |       |     1 ||     1
 Armour: Leather armour    |     3 |       ||     3
         Ring mail         |     4 |    31 ||    35
  Dodge: Dodged            |    10 |    26 ||    36

Table legend:
 A = Non-vault XP
 B = Vault XP
 C = Vault XP percentage of total XP
 D = Non-vault monster count
 E = Vault monster count
 F = Vault count percentage of total count
                 A         B        C        D         E       F
            +---------+---------+-------+---------+---------+-------
      Total |     239 |     386 |  61.8 |      58 |      10 |  14.7
            +---------+---------+-------+---------+---------+-------
        D:1 |      32 |       6 |  15.8 |      20 |       2 |   9.1
        D:2 |      18 |       0 |   0.0 |       9 |       0 |   0.0
        D:3 |      85 |       0 |   0.0 |      12 |       0 |   0.0
        D:4 |     104 |     380 |  78.5 |      17 |       8 |  32.0
            +---------+---------+-------+---------+---------+-------
